 Dungeon Crawl Stone Soup version 0.30-a0-782-ge64f9170bb (webtiles) character file.

Game seed: 8978906251109069704

318 theswoord the Skirmisher (level 6, 0/34 HPs)
             Began as a Deep Elf Hunter on Mar 15, 2023.
             Slain by a goblin
             ... wielding a +4 dagger of electrocution
             ... led by Robin
              (20 damage)
             ... on level 4 of the Dungeon.
             The game lasted 00:04:09 (2723 turns).

theswoord the Skirmisher (Deep Elf Hunter)          Turns: 2723, Time: 00:04:09

Health: 0/34       AC:  8    Str:  8    XL:     6   Next: 21%
Magic:  8/8        EV: 13    Int: 14    God:
Gold:   140        SH:  0    Dex: 20    Spells: 5/5 levels left

rFire   . . .      SeeInvis .    a - +0 shortbow
rCold   . . .      Faith    .    (shield currently unavailable)
rNeg    . . .      Spirit   .    i - +0 scale mail
rPois   .          Reflect  .    (no helmet)
rElec   .          Harm     .    (no cloak)
rCorr   .          Rampage  .    f - +1 pair of gloves
Will    .....                    (no boots)
Stlth   +                        (no amulet)
HPRegen 0.25/turn                u - +5 ring of evasion
MPRegen 0.11/turn                (no ring)

@: studying Necromancy
A: no striking features
a: no special abilities


You were on level 4 of the Dungeon.
You visited 1 branch of the dungeon, and saw 4 of its levels.
You also visited: Sewer.

You collected 155 gold pieces.
You spent 15 gold pieces at shops.

Inventory:

Hand Weapons
 a - a +0 shortbow (weapon)
Armour
 c - a +0 leather armour
 f - a +1 pair of gloves (worn)
 i - a +0 scale mail (worn)
Jewellery
 u - a +5 ring of evasion (left hand)
Wands
 o - a wand of iceblast (8)
Scrolls
 b - 2 scrolls of immolation
 g - a scroll of silence
 q - 6 scrolls of teleportation
 v - a scroll of enchant armour
Potions
 d - 2 potions of cancellation
 e - 2 potions of lignification {unknown}
 h - a potion of magic {unknown}
 j - a potion of curing
 k - a potion of brilliance {unknown}
 l - a potion of berserk rage {unknown}
 m - 2 potions of flight
 n - a potion of resistance {unknown}
 p - a potion of attraction {unknown}
 r - 2 potions of mutation {unknown}
 s - a potion of ambrosia {unknown}
 t - a potion of heal wounds {unknown}


   Skills:
 - Level 1.5 Fighting
 + Level 9.9 Ranged Weapons
 - Level 2.4 Dodging
 - Level 1.2 Stealth


You had 5 spell levels left.
You didn't know any spells.
Your spell library was empty.

Dungeon Overview and Level Annotations

Branches:
Dungeon (4/15)              Sewer (visited)
 Temple: D:4-7

Altars:
Ru
The Shining One

Shops:
D:2 **(?

Annotations:
D:4 Robin


Message History

The jackal barks!
A jackal is nearby!
A jackal is nearby!
You shoot an arrow. The arrow barely misses the jackal.
You shoot an arrow. The arrow hits the jackal!
You kill the jackal!
No target in view!
No target in view!
v - a scroll of enchant armour No target in view!
There is a stone staircase leading down here.
A goblin and a hobgoblin come into view.
The hobgoblin shouts!
You hear a shout! x2
Robin of the Strong Arm comes into view.
They are wielding a +0 dagger.
A hobgoblin comes into view.
You hear a shout! x2
There are monsters nearby!
You shoot an arrow. The arrow closely misses the hobgoblin.
The arrow barely misses Robin.
Robin shouts!
The hobgoblin shouts!
A ball python comes into view.
Robin throws the goblin at you!
A goblin comes into view. It is wielding a +0 dagger.
The goblin closely misses you. Robin throws the goblin at you!
The goblin hits you with a +0 dagger.
A hobgoblin comes into view.
The goblin hits you but does no damage.
You are electrocuted!
You shoot an arrow. The hobgoblin shouts!
The arrow hits the goblin.
You hear a shout!
The goblin barely misses you.
A goblin comes into view. It is wielding a +0 dagger.
The goblin completely misses you.
The ball python attacks as you move away!
The ball python bites you but does no damage.
The goblin attacks as you move away! The goblin closely misses you.
The goblin hits you but does no damage.
You are electrocuted!!
Ouch! That really hurt!
You die... g

#### g. ...# .g. [..# ...
...# .g
...################g#####
................@g.......
........#########gS.#....
##...##..## #.### .
#...###..### #.# #...#
##...# #..
#...######+##)....
#......<.......####
##....##........
......##........


You could see a hobgoblin, 2 goblins and a ball python.

Vanquished Creatures
  A necrophage (D:4)
  A hound (D:4)
  Ijyb (D:4)
  An orc wizard (D:3)
  4 adders
  4 river rats (Sewer)
  5 worms (D:3)
  A dart slug (D:4)
  4 orcs
  14 ball pythons
  5 endoplasms
  2 giant cockroaches
  5 goblins
  6 hobgoblins
  5 jackals
  2 bats
  11 frilled lizards
  5 kobolds
  14 rats
91 creatures vanquished.

Notes
Turn   | Place    | Note
-------+----------+-------------------------------------------
     0 | D:1      | theswoord the Deep Elf Hunter began the quest for the Orb.
     0 | D:1      | Reached XP level 1. HP: 12/12 MP: 3/3
   102 | D:1      | Found a faded altar of an unknown god.
   102 | D:1      | Noticed a Brimstone Fiend
   177 | D:1      | Reached XP level 2. HP: 13/16 MP: 4/4
   179 | D:1      | Reached skill level 6 in Ranged Weapons
   440 | D:2      | Found Wut Coaq's Assorted Antiques.
   446 | D:2      | Reached XP level 3. HP: 20/20 MP: 5/5
   482 | D:2      | Bought a scroll labelled ROMUGROOLED for 15 gold pieces
   506 | D:2      | Found Jaullan's Antique Weapon Shop.
   576 | D:2      | Found Kohez's Magic Scroll Emporium.
   711 | D:2      | Found Ficuuc's General Store.
   948 | D:3      | Reached skill level 7 in Ranged Weapons
  1088 | D:3      | Found a glowing drain.
  1102 | Sewer    | Entered a sewer
  1103 | Sewer    | Identified a scroll of acquirement
  1103 | Sewer    | Acquired a manual of Necromancy
  1119 | Sewer    | Reached XP level 4. HP: 22/25 MP: 6/6
  1259 | Sewer    | Reached skill level 8 in Ranged Weapons
  1666 | D:3      | Reached XP level 5. HP: 25/29 MP: 7/7
  1856 | D:3      | Found a glowing golden altar of the Shining One.
  1953 | D:3      | Found a sacrificial altar of Ru.
  2348 | D:4      | Reached skill level 9 in Ranged Weapons
  2538 | D:4      | Noticed Ijyb
  2573 | D:4      | Killed Ijyb
  2587 | D:4      | Reached XP level 6. HP: 11/34 MP: 8/8
  2720 | D:4      | Noticed Robin
  2723 | D:4      | Slain by a goblin

Skill      XL: |  1  2  3  4  5 |
---------------+----------------+-----
Ranged Weapons | 6 7 8 9 |  9.9
Fighting       | |  1.5
Dodging        | |  2.4
Stealth        | |  1.2

Action                     |  1- 3 |  4- 6 || total
---------------------------+-------+-------++-------
  Melee: Unarmed           |       |    19 ||    19
   Fire: Shortbow          |   108 |   174 ||   282
    Use: Scroll            |     6 |     4 ||    10
         Potion            |       |     2 ||     2
 Armour: Leather armour    |     2 |       ||     2
         Scale mail        |    11 |    67 ||    78
  Dodge: Dodged            |    19 |    92 ||   111

Levels and vault maps discovered:
D:1:      dpeg_arrival_ternary, layout_basic,
          dreamdust_ecumenical_altar_sealed_demon
D:2:      layout_rooms, serial_shops, shop, shop, nicolae_shop_window_shopping,
          nicolae_diamond_shop
D:3:      layout_loops_ring, tso_metal_star,
          nicolae_ru_great_annihilating_truth, cheibrodos_sewer_entry_sluice,
          grunt_ministairs_2
D:4:      layout_basic, serial_shops, kennysheep_mini_moat, uniq_duvessa,
          uniq_ijyb, uniq_robin
